Wild vs Jets
(R1)
Created - 24 janvier 2013 at 22:14
Goals
|
| Wild |
1 |
1 |
1 |
1 |
4 |
| Jets |
0 |
3 |
0 |
0 |
3 |
|
Shots
|
| Wild |
7 |
10 |
12 |
1 |
30 |
| Jets |
7 |
23 |
6 |
0 |
36 |
|
1st period
1. Wild , Jozef Stumpel 11 (Chris Drury) at 15:09
Penalties :
Jason Arnott (Win) for Hooking (Minor) at 16:24
2nd period
2. Jets , Peter Worrell 13 (Jason Allison, Martin Erat) at 1:27
3. Jets , Jason Arnott 10 (Wade Redden, Bryce Salvador) at 3:13
4. Jets , Martin Erat 11 (Jason Allison) at 3:29
5. Wild , Mark Recchi 11 (Mike Green) at 3:39
Penalties :
Pavel Kubina (Win) for Tripping (Minor) at 7:39, Nathan Dempsey (Min) for Hooking (Minor) at 15:49
3rd period
6. Wild , Anson Carter 4 (Mike Ricci) at 4:19
Penalties :
Wade Redden (Win) for Goalie Interference (Minor) at 2:13, Bryce Salvador (Win) for Hooking (Minor) at 8:40, Danil Markov (Min) for High sticking (Minor) at 8:40
Overtime #1
7. Wild , Chris Drury 15 (Nathan Dempsey, Mark Recchi) at 0:13
Penalties :
No Penalty
Goalie Stats
Martin Brodeur (Min), 33 saves from 36 shots - (0,917), W, 13-13-1, 60:13 minutes
Maxime Daigneault (Win), 26 saves from 30 shots - (0,867), OTL, 4-1-1, 60:13 minutes
Players Stats for Wild
Player Name G A P +/- PIM S H SB GA TA FO MP PP MP PK MP
------------------------------------------------------------------------------------
Adam Deadmarsh 0 0 0 0 0 3 1 1 0 0 0/1 18:07 1:48 0:00
Anson Carter 1 0 1 1 0 1 3 0 0 1 1/1 15:03 0:46 0:00
Bret Hedican 0 0 0 -2 0 1 0 2 0 0 0/0 21:12 3:00 0:46
Chris Drury 1 1 2 1 0 2 1 0 0 0 14/29 21:06 3:10 1:17
Chris Higgins 0 0 0 1 0 0 2 0 0 0 1/1 14:04 0:30 0:11
Danil Markov 0 0 0 2 2 1 0 1 0 1 0/0 13:37 0:00 0:31
Fedor Tyutin 0 0 0 -2 0 2 0 3 0 0 0/0 20:39 3:00 0:46
Geoff Sanderson 0 0 0 -1 0 4 1 0 0 0 0/0 5:49 0:13 0:00
Jozef Stumpel 1 0 1 0 0 3 1 0 0 0 1/1 19:02 3:10 0:31
Mark Recchi 1 1 2 0 0 5 1 0 0 2 4/9 24:11 3:10 1:17
Mike Green 0 1 1 1 0 2 0 3 1 1 0/0 26:02 2:57 1:13
Mike Knuble 0 0 0 -1 0 0 1 0 0 0 1/1 7:13 0:42 0:11
Mike Ricci 0 1 1 1 0 1 1 0 0 0 3/4 14:52 0:46 0:00
Nathan Dempsey 0 1 1 1 2 0 0 0 0 1 0/0 22:36 2:57 0:00
Niclas Wallin 0 0 0 2 0 0 2 0 0 0 0/0 12:48 0:00 0:00
R.J. Umberger 0 0 0 0 0 2 0 2 1 0 1/1 17:46 1:48 0:00
Shane Hnidy 0 0 0 0 0 0 0 0 0 0 0/0 3:43 0:00 0:42
Vaclav Prospal 0 0 0 0 0 3 2 0 1 1 7/10 19:02 1:48 0:31
Players Stats for Jets
Player Name G A P +/- PIM S H SB GA TA FO MP PP MP PK MP
------------------------------------------------------------------------------------
Benoit Pouliot 0 0 0 0 0 1 1 1 0 0 0/1 18:14 1:00 1:28
Bryce Salvador 0 1 1 0 2 3 1 2 0 0 0/0 22:31 0:00 3:17
Colin White 0 0 0 0 0 1 2 1 0 1 0/0 15:38 0:00 2:51
Dainius Zubrus 0 0 0 1 0 2 1 1 0 0 0/0 13:43 0:00 0:00
David Vyborny 0 0 0 0 0 1 1 0 0 0 1/1 11:16 0:00 0:00
Dmitri Kalinin 0 0 0 1 0 1 0 2 2 0 0/0 20:51 1:00 3:35
Jason Allison 0 2 2 -1 0 5 2 0 1 0 15/28 21:55 0:59 2:06
Jason Arnott 1 0 1 1 2 4 0 1 0 0 3/15 16:17 1:00 1:06
Joel Ward 0 0 0 -1 0 0 1 0 0 0 0/0 7:54 0:00 0:00
Martin Erat 1 1 2 0 0 6 4 0 1 1 0/0 17:54 0:59 0:00
Mike Leclerc 0 0 0 0 0 0 2 0 0 0 0/0 14:10 0:00 2:51
Niklas Kronwall 0 0 0 0 0 2 2 0 0 0 0/0 13:33 1:00 0:08
Pavel Kubina 0 0 0 -1 2 3 0 2 1 1 0/0 21:14 0:59 0:08
Peter Worrell 1 0 1 0 0 3 5 0 1 0 0/1 18:36 0:59 0:00
Ryan Getzlaf 0 0 0 0 0 3 4 1 0 0 6/10 15:30 1:00 2:52
Vladimir Orszagh 0 0 0 -1 0 1 1 0 0 0 0/0 9:47 0:00 1:31
Wade Redden 0 1 1 -2 2 0 1 5 1 0 0/0 25:55 0:59 1:55
Zenon Konopka 0 0 0 -1 0 0 0 0 0 0 0/2 7:54 0:00 0:00
3 Stars
1 - Martin Erat (Win)
2 - Chris Drury (Min)
3 - Mark Recchi (Min)
Power Play
Wild - 0 on 3 Attempt(s) - 0,00%
Jets - 0 on 1 Attempt(s) - 0,00%
Penalty Kill
Wild - 1 on 1 Attempt(s) - 100,00%
- Score 0 goal in Penalty Kill
Jets - 3 on 3 Attempt(s) - 100,00%
- Score 0 goal in Penalty Kill
Official
Referees : Kozari Steve and Watson Brad
Linesman : Jean Morin and Brian Mach
Game Notes
No Game Note
Finance
Level 1 -- Attendance: 5713 (95,22%) -- Ticket Income 457 040 $
Level 2 -- Attendance: 4571 (91,42%) -- Ticket Income 228 550 $
Level 3 -- Attendance: 1793 (89,65%) -- Ticket Income 59 169 $
Level 4 -- Attendance: 3532 (88,30%) -- Ticket Income 70 640 $
Luxury Box -- Attendance: 894 (89,40%) -- Ticket Income 156 450 $
Game was played at the MTS Center
Total Attendance: 16503 (91,68%)
Total Ticket Income: 971 849 $
Total Income: 971 849 $
Wild
5 vs 5 Forward
Center Left Wing Right Wing Time % Phy DF OF
1 Chris Drury Jozef Stumpel Mark Recchi 40 1 2 2
2 Vaclav Prospal R.J. Umberger Adam Deadmarsh 30 1 2 2
3 Mike Ricci Chris Higgins Anson Carter 20 1 2 2
4 Mark Recchi Geoff Sanderson Mike Knuble 10 1 2 2
5 vs 5 Defense
Defense Defense Time % Phy DF OF
1 Mike Green Nathan Dempsey 40 1 2 2
2 Fedor Tyutin Bret Hedican 30 1 2 2
3 Niclas Wallin Danil Markov 20 1 2 2
4 Shane Hnidy Mike Green 10 1 2 2
PowerPlay Forward
Center Left Wing Right Wing Time % Phy DF OF
1 Chris Drury Jozef Stumpel Mark Recchi 60 1 2 2
2 Vaclav Prospal R.J. Umberger Adam Deadmarsh 40 1 2 2
PowerPlay Defense
Defense Defense Time % Phy DF OF
1 Mike Green Nathan Dempsey 60 1 2 2
2 Fedor Tyutin Bret Hedican 40 1 2 2
Penalty Kill 4 Players Forward
Center Wing Time % Phy DF OF
1 Mark Recchi Chris Drury 60 1 2 2
2 Jozef Stumpel Vaclav Prospal 40 1 2 2
Penalty Kill 4 Players Defense
Defense Defense Time % Phy DF OF
1 Mike Green Nathan Dempsey 60 1 2 2
2 Fedor Tyutin Bret Hedican 40 1 2 2
Penalty Kill - 3 Players Forward
Forward Time % Phy DF OF
1 Mark Recchi 60 1 2 2
2 Chris Drury 40 1 2 2
Penalty Kill - 3 Players Defense
Defense Defense Time % Phy DF OF
1 Mike Green Nathan Dempsey 60 1 2 2
2 Fedor Tyutin Bret Hedican 40 1 2 2
4 vs 4 Forward
Center Wing Time % Phy DF OF
1 Mark Recchi Chris Drury 60 1 2 2
2 Jozef Stumpel Vaclav Prospal 40 1 2 2
4 vs 4 Defense
Defense Defense Time % Phy DF OF
1 Mike Green Nathan Dempsey 60 1 2 2
2 Fedor Tyutin Bret Hedican 40 1 2 2
Last Minutes Offensive
Center Left Wing Right Wing Defense Defense
Chris Drury Jozef Stumpel Mark Recchi Mike Green Nathan Dempsey
Last Minutes Defensive
Center Left Wing Right Wing Defense Defense
Chris Drury Jozef Stumpel Mark Recchi Mike Green Nathan Dempsey
Goaltenders
Starting : Martin Brodeur
Backup : Jamie Storr
Extra Forwards
Normal : Mike Ricci, Anson Carter, Mike Knuble - PP : Mike Ricci, Anson Carter - PK : Mike Knuble
Extra Defensemen
Normal : Niclas Wallin, Danil Markov, Shane Hnidy - PP : Niclas Wallin - PK : Danil Markov, Shane Hnidy
Penalty Shots
Mark Recchi, Chris Drury, Jozef Stumpel, Vaclav Prospal, Mike Ricci
Jets
5 vs 5 Forward
Center Left Wing Right Wing Time % Phy DF OF
1 Jason Allison Peter Worrell Martin Erat 40 1 1 3
2 Jason Arnott Benoit Pouliot Dainius Zubrus 30 1 1 3
3 Ryan Getzlaf Mike Leclerc David Vyborny 20 1 1 3
4 Zenon Konopka Vladimir Orszagh Joel Ward 10 1 2 2
5 vs 5 Defense
Defense Defense Time % Phy DF OF
1 Wade Redden Bryce Salvador 40 2 2 1
2 Dmitri Kalinin Pavel Kubina 30 2 2 1
3 Colin White Niklas Kronwall 20 1 2 2
4 Wade Redden Pavel Kubina 10 2 2 1
PowerPlay Forward
Center Left Wing Right Wing Time % Phy DF OF
1 Jason Allison Peter Worrell Martin Erat 60 1 0 4
2 Jason Arnott Benoit Pouliot Ryan Getzlaf 40 1 0 4
PowerPlay Defense
Defense Defense Time % Phy DF OF
1 Wade Redden Pavel Kubina 60 0 1 4
2 Dmitri Kalinin Niklas Kronwall 40 0 2 3
Penalty Kill 4 Players Forward
Center Wing Time % Phy DF OF
1 Ryan Getzlaf Mike Leclerc 60 0 4 1
2 Jason Allison Jason Arnott 40 0 4 1
Penalty Kill 4 Players Defense
Defense Defense Time % Phy DF OF
1 Dmitri Kalinin Bryce Salvador 60 1 4 0
2 Colin White Wade Redden 40 1 4 0
Penalty Kill - 3 Players Forward
Forward Time % Phy DF OF
1 Ryan Getzlaf 60 0 4 1
2 Mike Leclerc 40 0 4 1
Penalty Kill - 3 Players Defense
Defense Defense Time % Phy DF OF
1 Dmitri Kalinin Bryce Salvador 60 1 2 2
2 Colin White Wade Redden 40 1 2 2
4 vs 4 Forward
Center Wing Time % Phy DF OF
1 Jason Allison Benoit Pouliot 60 1 2 2
2 Jason Arnott Peter Worrell 40 1 2 2
4 vs 4 Defense
Defense Defense Time % Phy DF OF
1 Wade Redden Pavel Kubina 60 1 2 2
2 Dmitri Kalinin Bryce Salvador 40 1 2 2
Last Minutes Offensive
Center Left Wing Right Wing Defense Defense
Jason Allison Peter Worrell Ryan Getzlaf Wade Redden Pavel Kubina
Last Minutes Defensive
Center Left Wing Right Wing Defense Defense
Jason Arnott Mike Leclerc Ryan Getzlaf Bryce Salvador Wade Redden
Goaltenders
Starting : Maxime Daigneault
Backup : Ilya Bryzgalov
Extra Forwards
Normal : Ryan Getzlaf, Benoit Pouliot, Vladimir Orszagh - PP : Ryan Getzlaf, Benoit Pouliot - PK : Vladimir Orszagh
Extra Defensemen
Normal : Colin White, Pavel Kubina, Dmitri Kalinin - PP : Niklas Kronwall - PK : Bryce Salvador, Dmitri Kalinin
Penalty Shots
Peter Worrell, Jason Arnott, Benoit Pouliot, Jason Allison, Wade Redden
% Time on Ice - Wild
Lines # - Real PCT - Wanted PCT - Time Play
Normal Forward
1 - 30% - 40% - 15:15
2 - 32% - 30% - 16:03
3 - 26% - 20% - 13:11
4 - 11% - 10% - 5:36
Normal Defense
1 - 38% - 40% - 18:56
2 - 31% - 30% - 15:43
3 - 26% - 20% - 12:48
4 - 5% - 10% - 2:38
PP Forward
1 - 70% - 60% - 4:09
2 - 30% - 40% - 1:48
PP Defense
1 - 50% - 60% - 2:57
2 - 50% - 40% - 3:00
PK Forward
1 - 74% - 60% - 1:28
2 - 26% - 40% - 0:31
PK Defense
1 - 61% - 60% - 1:13
2 - 39% - 40% - 0:46
PK3 Forward
1 - 0% - 60%
2 - 0% - 40%
PK3 Defense
1 - 0% - 60%
2 - 0% - 40%
44 Forward
1 - 70% - 60% - 1:32
2 - 30% - 40% - 0:40
44 Defense
1 - 47% - 60% - 1:02
2 - 53% - 40% - 1:10
Last Minute Offensive - 0:00
Last Minute Defensive - 0:00
Total
Forward - 60:13
Defense - 60:13
|
% Time on Ice - Jets
Lines # - Real PCT - Wanted PCT - Time Play
Normal Forward
1 - 35% - 40% - 17:20
2 - 27% - 30% - 13:35
3 - 22% - 20% - 11:16
4 - 16% - 10% - 7:54
Normal Defense
1 - 41% - 40% - 20:19
2 - 32% - 30% - 15:58
3 - 21% - 20% - 10:38
4 - 6% - 10% - 3:10
PP Forward
1 - 50% - 60% - 0:59
2 - 50% - 40% - 1:00
PP Defense
1 - 50% - 60% - 0:59
2 - 50% - 40% - 1:00
PK Forward
1 - 75% - 60% - 4:28
2 - 25% - 40% - 1:29
PK Defense
1 - 50% - 60% - 2:58
2 - 50% - 40% - 2:59
PK3 Forward
1 - 0% - 60%
2 - 0% - 40%
PK3 Defense
1 - 0% - 60%
2 - 0% - 40%
44 Forward
1 - 74% - 60% - 1:38
2 - 26% - 40% - 0:34
44 Defense
1 - 76% - 60% - 1:40
2 - 24% - 40% - 0:32
Last Minute Offensive - 0:00
Last Minute Defensive - 0:00
Total
Forward - 60:13
Defense - 60:13
|
Play by Play
1st period
0:01 of 1st period - Chris Drury wins face-off versus Jason Allison in neutral zone.
0:08 of 1st period - Mike Green is hit by Martin Erat.
0:09 of 1st period - Icing by Mike Green.
0:10 of 1st period - Jason Allison wins face-off versus Chris Drury in Wild zone.
0:11 of 1st period - Slapshot by Peter Worrell.
0:11 of 1st period - Stopped by Martin Brodeur with a rebound.
0:19 of 1st period - Wrist shot by Mark Recchi.
0:19 of 1st period - Stopped by Maxime Daigneault without a rebound.
0:20 of 1st period - Vaclav Prospal wins face-off versus Jason Arnott in Jets zone.
0:30 of 1st period - Snap shot by Fedor Tyutin.
0:30 of 1st period - Stopped by Maxime Daigneault with a rebound.
0:32 of 1st period - Wrist shot by R.J. Umberger.
0:32 of 1st period - Shot Misses the Net.
0:34 of 1st period - Slapshot by Bret Hedican.
0:34 of 1st period - Stopped by Maxime Daigneault without a rebound.
0:35 of 1st period - Ryan Getzlaf wins face-off versus Mike Ricci in Jets zone.
0:40 of 1st period - Danil Markov is hit by David Vyborny and loses puck.
1:01 of 1st period - Colin White is hit by Geoff Sanderson and loses puck.
2:37 of 1st period - Niklas Kronwall is hit by Mike Knuble and loses puck.
3:00 of 1st period - Snap shot by Benoit Pouliot.
3:00 of 1st period - Shot Misses the Net.
3:02 of 1st period - Wrist shot by Benoit Pouliot.
3:02 of 1st period - Shot Blocked by R.J. Umberger.
3:04 of 1st period - Snap shot by Dainius Zubrus.
3:04 of 1st period - Shot Blocked by Bret Hedican.
3:06 of 1st period - Snap shot by Colin White.
3:06 of 1st period - Deflect By Jason Arnott.
3:06 of 1st period - Stopped by Martin Brodeur without a rebound.
3:07 of 1st period - Jason Allison wins face-off versus Adam Deadmarsh in Wild zone.
3:57 of 1st period - Snap shot by Mark Recchi.
3:57 of 1st period - Stopped by Maxime Daigneault with a rebound.
4:09 of 1st period - Pavel Kubina is hit by Niclas Wallin and loses puck.
6:15 of 1st period - Peter Worrell is hit by Adam Deadmarsh and loses puck.
6:28 of 1st period - Slapshot by Niklas Kronwall.
6:28 of 1st period - Stopped by Martin Brodeur with a rebound.
7:09 of 1st period - Vaclav Prospal is hit by Ryan Getzlaf and loses puck.
7:20 of 1st period - Jason Arnott is hit by Chris Higgins and loses puck.
7:49 of 1st period - Bret Hedican is hit by Martin Erat and loses puck.
8:11 of 1st period - Anson Carter is hit by Mike Leclerc.
8:33 of 1st period - Vaclav Prospal is hit by Bryce Salvador and loses puck.
8:54 of 1st period - Snap shot by Jason Allison.
8:54 of 1st period - Stopped by Martin Brodeur with a rebound.
9:58 of 1st period - Wrist shot by Dmitri Kalinin.
9:58 of 1st period - Shot Misses the Net.
10:14 of 1st period - Mike Ricci is hit by Vladimir Orszagh and loses puck.
10:27 of 1st period - Mark Recchi is hit by Ryan Getzlaf and loses puck.
10:32 of 1st period - Slapshot by David Vyborny.
10:32 of 1st period - Stopped by Martin Brodeur with a rebound.
10:46 of 1st period - Nathan Dempsey is hit by Niklas Kronwall and loses puck.
10:57 of 1st period - Snap shot by Benoit Pouliot.
10:57 of 1st period - Shot Blocked by Adam Deadmarsh.
10:59 of 1st period - Snap shot by Benoit Pouliot.
10:59 of 1st period - Stopped by Martin Brodeur with a rebound.
11:14 of 1st period - Mike Knuble is hit by Peter Worrell.
12:07 of 1st period - Bryce Salvador is hit by Anson Carter and loses puck.
12:20 of 1st period - Niclas Wallin is hit by Mike Leclerc and loses puck.
12:27 of 1st period - Snap shot by Ryan Getzlaf.
12:27 of 1st period - Shot Blocked by Danil Markov.
12:37 of 1st period - Danil Markov is hit by Joel Ward and loses puck.
13:25 of 1st period - Wade Redden is hit by Anson Carter and loses puck.
14:02 of 1st period - Slapshot by Anson Carter.
14:02 of 1st period - Shot Misses the Net.
14:04 of 1st period - Backhand shot by Nathan Dempsey.
14:04 of 1st period - Deflect By Mike Knuble.
14:04 of 1st period - Shot Misses the Net.
14:04 of 1st period - Puck is out of play.
14:05 of 1st period - Anson Carter wins face-off versus Jason Arnott in Jets zone.
14:05 of 1st period - Bret Hedican is hit by Colin White and loses puck.
14:10 of 1st period - Snap shot by Mike Knuble.
14:10 of 1st period - Shot Misses the Net.
14:12 of 1st period - Snap shot by Geoff Sanderson.
14:12 of 1st period - Shot Blocked by Jason Arnott.
15:07 of 1st period - Icing by Wade Redden.
15:08 of 1st period - Chris Drury wins face-off versus Zenon Konopka in Jets zone.
15:09 of 1st period - Wrist shot by Jozef Stumpel.
15:09 of 1st period - Goal by Jozef Stumpel - Wild : 1 - Jets : 0.
15:10 of 1st period - Jason Allison wins face-off versus Chris Drury in neutral zone.
15:37 of 1st period - Icing by Pavel Kubina.
15:38 of 1st period - R.J. Umberger wins face-off versus Jason Arnott in Jets zone.
15:41 of 1st period - Snap shot by Vaclav Prospal.
15:41 of 1st period - Stopped by Maxime Daigneault without a rebound.
15:42 of 1st period - Chris Drury wins face-off versus Jason Allison in Jets zone.
15:49 of 1st period - Snap shot by Chris Drury.
15:49 of 1st period - Deflect By Mark Recchi.
15:49 of 1st period - Stopped by Maxime Daigneault with a rebound.
15:57 of 1st period - Slapshot by Bryce Salvador.
15:57 of 1st period - Deflect By Chris Drury.
15:57 of 1st period - Stopped by Martin Brodeur with a rebound.
16:24 of 1st period - Minor Penalty to Jason Arnott for Hooking.
16:25 of 1st period - Ryan Getzlaf wins face-off versus Chris Drury in Jets zone.
16:34 of 1st period - Dmitri Kalinin is hit by Mark Recchi and loses puck.
16:52 of 1st period - Off-side.
16:53 of 1st period - Ryan Getzlaf wins face-off versus Vaclav Prospal in neutral zone.
18:24 of 1st period - Penalty to Jason Arnott is over, Jason Arnott is back on ice.
18:32 of 1st period - Slapshot by Dmitri Kalinin.
18:32 of 1st period - Shot Misses the Net.
19:59 of 1st period - Slapshot by Bryce Salvador.
19:59 of 1st period - Shot Hit the Post.
2nd period
0:01 of 2nd period - Chris Drury wins face-off versus Jason Allison in neutral zone.
0:12 of 2nd period - Snap shot by Mark Recchi.
0:12 of 2nd period - Shot Misses the Net.
0:14 of 2nd period - Slapshot by Mark Recchi.
0:14 of 2nd period - Shot Misses the Net.
0:16 of 2nd period - Slapshot by Chris Drury.
0:16 of 2nd period - Stopped by Maxime Daigneault with a rebound.
0:26 of 2nd period - Dainius Zubrus is hit by Vaclav Prospal and loses puck.
0:33 of 2nd period - Snap shot by Adam Deadmarsh.
0:33 of 2nd period - Stopped by Maxime Daigneault without a rebound.
0:34 of 2nd period - Chris Drury wins face-off versus Jason Arnott in Jets zone.
1:03 of 2nd period - Slapshot by Vaclav Prospal.
1:03 of 2nd period - Stopped by Maxime Daigneault without a rebound.
1:04 of 2nd period - Vaclav Prospal wins face-off versus Jason Allison in Jets zone.
1:09 of 2nd period - Wrist shot by Adam Deadmarsh.
1:09 of 2nd period - Stopped by Maxime Daigneault with a rebound.
1:15 of 2nd period - Backhand shot by Pavel Kubina.
1:15 of 2nd period - Stopped by Martin Brodeur without a rebound.
1:16 of 2nd period - Jason Allison wins face-off versus Chris Drury in Wild zone.
1:27 of 2nd period - Slapshot by Peter Worrell.
1:27 of 2nd period - Goal by Peter Worrell - Wild : 1 - Jets : 1.
1:28 of 2nd period - Chris Drury wins face-off versus Jason Allison in neutral zone.
1:39 of 2nd period - Snap shot by Martin Erat.
1:39 of 2nd period - Shot Misses the Net.
1:41 of 2nd period - Snap shot by Peter Worrell.
1:41 of 2nd period - Shot Misses the Net.
1:43 of 2nd period - Snap shot by Jason Allison.
1:43 of 2nd period - Deflect By Martin Erat.
1:43 of 2nd period - Stopped by Martin Brodeur with a rebound.
1:53 of 2nd period - R.J. Umberger is hit by Wade Redden and loses puck.
2:40 of 2nd period - Slapshot by Jozef Stumpel.
2:40 of 2nd period - Shot Blocked by Bryce Salvador.
3:13 of 2nd period - Wrist shot by Jason Arnott.
3:13 of 2nd period - Goal by Jason Arnott - Wild : 1 - Jets : 2.
3:14 of 2nd period - Jason Allison wins face-off versus Chris Drury in neutral zone.
3:27 of 2nd period - Snap shot by Jason Allison.
3:27 of 2nd period - Shot Blocked by Fedor Tyutin.
3:29 of 2nd period - Wrist shot by Martin Erat.
3:29 of 2nd period - Goal by Martin Erat - Wild : 1 - Jets : 3.
3:30 of 2nd period - Jason Allison wins face-off versus Chris Drury in neutral zone.
3:39 of 2nd period - Wrist shot by Mark Recchi.
3:39 of 2nd period - Goal by Mark Recchi - Wild : 2 - Jets : 3.
3:40 of 2nd period - Jason Allison wins face-off versus Chris Drury in neutral zone.
3:43 of 2nd period - Nathan Dempsey is hit by Martin Erat and loses puck.
3:52 of 2nd period - Slapshot by Jason Allison.
3:52 of 2nd period - Stopped by Martin Brodeur with a rebound.
3:54 of 2nd period - Wrist shot by Martin Erat.
3:54 of 2nd period - Stopped by Martin Brodeur without a rebound.
3:55 of 2nd period - Chris Drury wins face-off versus Jason Arnott in Wild zone.
4:08 of 2nd period - Snap shot by Chris Drury.
4:08 of 2nd period - Shot Misses the Net.
4:10 of 2nd period - Wrist shot by Chris Drury.
4:10 of 2nd period - Shot Misses the Net.
4:25 of 2nd period - Snap shot by Martin Erat.
4:25 of 2nd period - Shot Misses the Net.
4:27 of 2nd period - Snap shot by Jason Allison.
4:27 of 2nd period - Shot Blocked by Bret Hedican.
4:29 of 2nd period - Slapshot by Bryce Salvador.
4:29 of 2nd period - Stopped by Martin Brodeur without a rebound.
4:30 of 2nd period - David Vyborny wins face-off versus Chris Drury in Wild zone.
5:23 of 2nd period - Snap shot by Jason Arnott.
5:23 of 2nd period - Shot Misses the Net.
5:25 of 2nd period - Wrist shot by Dainius Zubrus.
5:25 of 2nd period - Stopped by Martin Brodeur with a rebound.
5:35 of 2nd period - Zenon Konopka is hit by Chris Drury and loses puck.
6:02 of 2nd period - Wrist shot by Ryan Getzlaf.
6:02 of 2nd period - Stopped by Martin Brodeur with a rebound.
6:12 of 2nd period - Adam Deadmarsh is hit by Niklas Kronwall and loses puck.
6:31 of 2nd period - R.J. Umberger is hit by Dainius Zubrus.
6:51 of 2nd period - Vaclav Prospal is hit by Ryan Getzlaf and loses puck.
7:04 of 2nd period - Snap shot by R.J. Umberger.
7:04 of 2nd period - Shot Blocked by Wade Redden.
7:06 of 2nd period - Slapshot by Nathan Dempsey.
7:06 of 2nd period - Shot Blocked by Wade Redden.
7:08 of 2nd period - Wrist shot by Vaclav Prospal.
7:08 of 2nd period - Shot Misses the Net.
7:12 of 2nd period - Wrist shot by Vaclav Prospal.
7:12 of 2nd period - Shot Blocked by Wade Redden.
7:14 of 2nd period - Snap shot by Vaclav Prospal.
7:14 of 2nd period - Stopped by Maxime Daigneault with a rebound.
7:16 of 2nd period - Snap shot by R.J. Umberger.
7:16 of 2nd period - Shot Blocked by Wade Redden.
7:18 of 2nd period - Wrist shot by Bret Hedican.
7:18 of 2nd period - Shot Misses the Net.
7:26 of 2nd period - Wrist shot by Adam Deadmarsh.
7:26 of 2nd period - Shot Blocked by Wade Redden.
7:28 of 2nd period - Slapshot by Fedor Tyutin.
7:28 of 2nd period - Stopped by Maxime Daigneault with a rebound.
7:39 of 2nd period - Minor Penalty to Pavel Kubina for Tripping.
7:40 of 2nd period - Chris Drury wins face-off versus Jason Allison in Jets zone.
7:45 of 2nd period - Wrist shot by Chris Drury.
7:45 of 2nd period - Shot Misses the Net.
7:47 of 2nd period - Slapshot by Nathan Dempsey.
7:47 of 2nd period - Shot Blocked by Dmitri Kalinin.
7:49 of 2nd period - Snap shot by Jozef Stumpel.
7:49 of 2nd period - Shot Misses the Net.
8:34 of 2nd period - Slapshot by Mike Green.
8:34 of 2nd period - Shot Blocked by Colin White.
9:30 of 2nd period - Snap shot by Benoit Pouliot.
9:30 of 2nd period - Shot Blocked by Fedor Tyutin.
9:36 of 2nd period - Snap shot by Jason Arnott.
9:36 of 2nd period - Stopped by Martin Brodeur without a rebound.
9:37 of 2nd period - Jason Allison wins face-off versus Chris Drury in Wild zone.
9:39 of 2nd period - Penalty to Pavel Kubina is over, Pavel Kubina is back on ice.
9:58 of 2nd period - Snap shot by Wade Redden.
9:58 of 2nd period - Shot Misses the Net.
10:00 of 2nd period - Slapshot by Colin White.
10:00 of 2nd period - Shot Misses the Net.
10:02 of 2nd period - Slapshot by Colin White.
10:02 of 2nd period - Stopped by Martin Brodeur with a rebound.
10:18 of 2nd period - Niclas Wallin is hit by Peter Worrell.
10:29 of 2nd period - Snap shot by Bret Hedican.
10:29 of 2nd period - Shot Misses the Net.
10:31 of 2nd period - Wrist shot by Mike Ricci.
10:31 of 2nd period - Stopped by Maxime Daigneault with a rebound.
10:39 of 2nd period - Slapshot by Anson Carter.
10:39 of 2nd period - Shot Misses the Net.
10:41 of 2nd period - Wrist shot by Mike Ricci.
10:41 of 2nd period - Shot Misses the Net.
10:53 of 2nd period - Slapshot by Mike Green.
10:53 of 2nd period - Stopped by Maxime Daigneault without a rebound.
10:54 of 2nd period - Chris Drury wins face-off versus Ryan Getzlaf in Jets zone.
10:55 of 2nd period - Wrist shot by Mark Recchi.
10:55 of 2nd period - Shot Blocked by Pavel Kubina.
11:26 of 2nd period - Nathan Dempsey is hit by Jason Allison and loses puck.
11:32 of 2nd period - Icing by Mike Green.
11:33 of 2nd period - Vaclav Prospal wins face-off versus Benoit Pouliot in Wild zone.
11:42 of 2nd period - Slapshot by Dainius Zubrus.
11:42 of 2nd period - Shot Blocked by Mike Green.
11:44 of 2nd period - Snap shot by Dainius Zubrus.
11:44 of 2nd period - Stopped by Martin Brodeur with a rebound.
11:58 of 2nd period - Jozef Stumpel is hit by Peter Worrell and loses puck.
12:03 of 2nd period - Snap shot by Jason Allison.
12:03 of 2nd period - Stopped by Martin Brodeur without a rebound.
12:04 of 2nd period - Jason Allison wins face-off versus Chris Drury in Wild zone.
12:07 of 2nd period - Slapshot by Martin Erat.
12:07 of 2nd period - Stopped by Martin Brodeur without a rebound.
12:08 of 2nd period - Chris Drury wins face-off versus Jason Allison in Wild zone.
13:38 of 2nd period - Snap shot by Vladimir Orszagh.
13:38 of 2nd period - Stopped by Martin Brodeur without a rebound.
13:39 of 2nd period - Chris Higgins wins face-off versus Jason Arnott in Wild zone.
14:45 of 2nd period - Slapshot by Chris Higgins.
14:45 of 2nd period - Shot Misses the Net.
15:29 of 2nd period - Slapshot by Jason Allison.
15:29 of 2nd period - Stopped by Martin Brodeur with a rebound.
15:47 of 2nd period - Snap shot by Adam Deadmarsh.
15:47 of 2nd period - Stopped by Maxime Daigneault without a rebound.
15:48 of 2nd period - Ryan Getzlaf wins face-off versus Vaclav Prospal in Jets zone.
15:48 of 2nd period - Ryan Getzlaf is hit by Vaclav Prospal.
15:49 of 2nd period - Minor Penalty to Nathan Dempsey for Hooking.
15:50 of 2nd period - Jason Allison wins face-off versus Mark Recchi in Wild zone.
16:05 of 2nd period - Snap shot by Martin Erat.
16:05 of 2nd period - Shot Misses the Net.
16:23 of 2nd period - Snap shot by Benoit Pouliot.
16:23 of 2nd period - Shot Misses the Net.
16:25 of 2nd period - Snap shot by Niklas Kronwall.
16:25 of 2nd period - Stopped by Martin Brodeur without a rebound.
16:26 of 2nd period - Jason Arnott wins face-off versus Mark Recchi in Wild zone.
17:17 of 2nd period - Icing by Ryan Getzlaf.
17:18 of 2nd period - Mark Recchi wins face-off versus Jason Arnott in Jets zone.
17:35 of 2nd period - Slapshot by Wade Redden.
17:35 of 2nd period - Shot Misses the Net.
17:49 of 2nd period - Penalty to Nathan Dempsey is over, Nathan Dempsey is back on ice.
17:57 of 2nd period - Niklas Kronwall is hit by Anson Carter and loses puck.
18:20 of 2nd period - Wrist shot by Vaclav Prospal.
18:20 of 2nd period - Shot Misses the Net.
18:57 of 2nd period - Anson Carter is hit by Peter Worrell and loses puck.
19:06 of 2nd period - Wrist shot by Jason Allison.
19:06 of 2nd period - Stopped by Martin Brodeur with a rebound.
19:08 of 2nd period - Slapshot by Pavel Kubina.
19:08 of 2nd period - Stopped by Martin Brodeur with a rebound.
19:10 of 2nd period - Wrist shot by Martin Erat.
19:10 of 2nd period - Stopped by Martin Brodeur with a rebound.
19:24 of 2nd period - Snap shot by Ryan Getzlaf.
19:24 of 2nd period - Stopped by Martin Brodeur with a rebound.
19:26 of 2nd period - Slapshot by Pavel Kubina.
19:26 of 2nd period - Stopped by Martin Brodeur without a rebound.
19:27 of 2nd period - Jason Arnott wins face-off versus Vaclav Prospal in Wild zone.
3rd period
0:01 of 3rd period - Jason Allison wins face-off versus Chris Drury in neutral zone.
0:07 of 3rd period - Off-side.
0:08 of 3rd period - Chris Drury wins face-off versus Jason Allison in neutral zone.
0:37 of 3rd period - Snap shot by Vaclav Prospal.
0:37 of 3rd period - Shot Blocked by Benoit Pouliot.
1:23 of 3rd period - Mark Recchi is hit by Jason Allison and loses puck.
1:54 of 3rd period - Snap shot by Dainius Zubrus.
1:54 of 3rd period - Shot Misses the Net.
2:13 of 3rd period - Minor Penalty to Wade Redden for Goalie Interference.
2:14 of 3rd period - Ryan Getzlaf wins face-off versus Chris Drury in Jets zone.
2:45 of 3rd period - Wrist shot by Vaclav Prospal.
2:45 of 3rd period - Deflect By R.J. Umberger.
2:45 of 3rd period - Shot Misses the Net.
2:45 of 3rd period - Puck is out of play.
2:46 of 3rd period - Chris Drury wins face-off versus Ryan Getzlaf in Jets zone.
4:13 of 3rd period - Penalty to Wade Redden is over, Wade Redden is back on ice.
4:17 of 3rd period - Icing by Benoit Pouliot.
4:18 of 3rd period - Mike Ricci wins face-off versus Jason Allison in Jets zone.
4:19 of 3rd period - Slapshot by Anson Carter.
4:19 of 3rd period - Goal by Anson Carter - Wild : 3 - Jets : 3.
4:20 of 3rd period - Jason Allison wins face-off versus Chris Drury in neutral zone.
4:25 of 3rd period - Jozef Stumpel is hit by Martin Erat and loses puck.
4:31 of 3rd period - Nathan Dempsey is hit by Peter Worrell and loses puck.
4:50 of 3rd period - Slapshot by Anson Carter.
4:50 of 3rd period - Shot Misses the Net.
6:21 of 3rd period - Icing by Dainius Zubrus.
6:22 of 3rd period - Vaclav Prospal wins face-off versus Jason Arnott in Jets zone.
6:27 of 3rd period - Snap shot by Vaclav Prospal.
6:27 of 3rd period - Deflect By Adam Deadmarsh.
6:27 of 3rd period - Shot Blocked by Dmitri Kalinin.
6:27 of 3rd period - Puck is out of play.
6:28 of 3rd period - Jason Allison wins face-off versus Chris Drury in Jets zone.
7:31 of 3rd period - Snap shot by Martin Erat.
7:31 of 3rd period - Shot Blocked by Fedor Tyutin.
7:33 of 3rd period - Slapshot by Dmitri Kalinin.
7:33 of 3rd period - Stopped by Martin Brodeur without a rebound.
7:34 of 3rd period - Jason Arnott wins face-off versus Chris Drury in Wild zone.
7:35 of 3rd period - Wrist shot by Dainius Zubrus.
7:35 of 3rd period - Deflect By Jason Arnott.
7:35 of 3rd period - Stopped by Martin Brodeur without a rebound.
7:36 of 3rd period - Chris Drury wins face-off versus Jason Arnott in Wild zone.
7:36 of 3rd period - Chris Drury is hit by Benoit Pouliot.
8:08 of 3rd period - Wrist shot by R.J. Umberger.
8:08 of 3rd period - Stopped by Maxime Daigneault with a rebound.
8:10 of 3rd period - Snap shot by Adam Deadmarsh.
8:10 of 3rd period - Shot Misses the Net.
8:21 of 3rd period - Colin White is hit by Niclas Wallin and loses puck.
8:29 of 3rd period - Icing by Anson Carter.
8:30 of 3rd period - Mike Ricci wins face-off versus Jason Arnott in Wild zone.
8:40 of 3rd period - Minor Penalty to Bryce Salvador for Hooking.
8:40 of 3rd period - Minor Penalty to Danil Markov for High sticking.
8:41 of 3rd period - Jason Allison wins face-off versus Mark Recchi in Wild zone.
8:54 of 3rd period - Snap shot by Chris Drury.
8:54 of 3rd period - Shot Misses the Net.
8:56 of 3rd period - Wrist shot by Mark Recchi.
8:56 of 3rd period - Shot Misses the Net.
9:32 of 3rd period - Snap shot by Peter Worrell.
9:32 of 3rd period - Deflect By Jason Arnott.
9:32 of 3rd period - Shot Misses the Net.
9:32 of 3rd period - Puck is out of play.
9:33 of 3rd period - Jason Allison wins face-off versus Mark Recchi in Wild zone.
10:04 of 3rd period - Slapshot by Jozef Stumpel.
10:04 of 3rd period - Stopped by Maxime Daigneault without a rebound.
10:05 of 3rd period - Mark Recchi wins face-off versus Jason Allison in Jets zone.
10:26 of 3rd period - Benoit Pouliot is hit by Jozef Stumpel and loses puck.
10:40 of 3rd period - Penalty to Bryce Salvador is over, Bryce Salvador is back on ice.
10:40 of 3rd period - Penalty to Danil Markov is over, Danil Markov is back on ice.
10:47 of 3rd period - Wrist shot by Peter Worrell.
10:47 of 3rd period - Stopped by Martin Brodeur without a rebound.
10:48 of 3rd period - Vaclav Prospal wins face-off versus Ryan Getzlaf in Wild zone.
10:59 of 3rd period - Snap shot by Ryan Getzlaf.
10:59 of 3rd period - Stopped by Martin Brodeur with a rebound.
11:01 of 3rd period - Slapshot by Niklas Kronwall.
11:01 of 3rd period - Shot Blocked by R.J. Umberger.
11:03 of 3rd period - Snap shot by David Vyborny.
11:03 of 3rd period - Shot Blocked by Mike Green.
11:13 of 3rd period - Vladimir Orszagh is hit by Chris Higgins and loses puck.
11:36 of 3rd period - Snap shot by Geoff Sanderson.
11:36 of 3rd period - Stopped by Maxime Daigneault without a rebound.
11:37 of 3rd period - Mike Knuble wins face-off versus Jason Arnott in Jets zone.
11:38 of 3rd period - Snap shot by Geoff Sanderson.
11:38 of 3rd period - Stopped by Maxime Daigneault without a rebound.
11:39 of 3rd period - Mark Recchi wins face-off versus Jason Arnott in Jets zone.
11:48 of 3rd period - Wrist shot by Geoff Sanderson.
11:48 of 3rd period - Stopped by Maxime Daigneault with a rebound.
11:50 of 3rd period - Slapshot by Geoff Sanderson.
11:50 of 3rd period - Shot Misses the Net.
11:52 of 3rd period - Slapshot by Geoff Sanderson.
11:52 of 3rd period - Shot Blocked by Dainius Zubrus.
11:54 of 3rd period - Backhand shot by Fedor Tyutin.
11:54 of 3rd period - Deflect By Geoff Sanderson.
11:54 of 3rd period - Stopped by Maxime Daigneault without a rebound.
11:55 of 3rd period - Chris Drury wins face-off versus Peter Worrell in Jets zone.
12:29 of 3rd period - Wrist shot by Benoit Pouliot.
12:29 of 3rd period - Shot Misses the Net.
12:58 of 3rd period - Icing by Pavel Kubina.
12:59 of 3rd period - Ryan Getzlaf wins face-off versus Mark Recchi in Jets zone.
13:06 of 3rd period - Slapshot by Dmitri Kalinin.
13:06 of 3rd period - Shot Blocked by Mike Green.
13:15 of 3rd period - Slapshot by Mike Green.
13:15 of 3rd period - Stopped by Maxime Daigneault with a rebound.
13:35 of 3rd period - Snap shot by Adam Deadmarsh.
13:35 of 3rd period - Shot Misses the Net.
15:00 of 3rd period - Icing by Niclas Wallin.
15:01 of 3rd period - Mike Ricci wins face-off versus Jason Allison in Wild zone.
15:15 of 3rd period - Wrist shot by Jason Allison.
15:15 of 3rd period - Deflect By Martin Erat.
15:15 of 3rd period - Stopped by Martin Brodeur without a rebound.
15:16 of 3rd period - Jozef Stumpel wins face-off versus Ryan Getzlaf in Wild zone.
15:16 of 3rd period - Jozef Stumpel is hit by Ryan Getzlaf.
15:22 of 3rd period - Snap shot by Mark Recchi.
15:22 of 3rd period - Stopped by Maxime Daigneault with a rebound.
15:30 of 3rd period - Wrist shot by David Vyborny.
15:30 of 3rd period - Shot Misses the Net.
15:32 of 3rd period - Slapshot by Bryce Salvador.
15:32 of 3rd period - Stopped by Martin Brodeur without a rebound.
15:33 of 3rd period - Vaclav Prospal wins face-off versus Jason Allison in Wild zone.
16:04 of 3rd period - Snap shot by Pavel Kubina.
16:04 of 3rd period - Shot Misses the Net.
16:22 of 3rd period - Wrist shot by Anson Carter.
16:22 of 3rd period - Shot Blocked by Pavel Kubina.
16:39 of 3rd period - Icing by Pavel Kubina.
16:40 of 3rd period - Vaclav Prospal wins face-off versus Zenon Konopka in Jets zone.
17:05 of 3rd period - Slapshot by Danil Markov.
17:05 of 3rd period - Shot Misses the Net.
17:07 of 3rd period - Wrist shot by Danil Markov.
17:07 of 3rd period - Shot Blocked by Ryan Getzlaf.
17:09 of 3rd period - Snap shot by Danil Markov.
17:09 of 3rd period - Stopped by Maxime Daigneault with a rebound.
17:11 of 3rd period - Slapshot by Jozef Stumpel.
17:11 of 3rd period - Stopped by Maxime Daigneault with a rebound.
17:13 of 3rd period - Slapshot by Danil Markov.
17:13 of 3rd period - Shot Blocked by Bryce Salvador.
17:15 of 3rd period - Snap shot by Mark Recchi.
17:15 of 3rd period - Shot Misses the Net.
17:35 of 3rd period - Peter Worrell is hit by Mike Ricci and loses puck.
17:56 of 3rd period - Snap shot by R.J. Umberger.
17:56 of 3rd period - Shot Misses the Net.
17:58 of 3rd period - Snap shot by R.J. Umberger.
17:58 of 3rd period - Stopped by Maxime Daigneault with a rebound.
18:10 of 3rd period - Adam Deadmarsh is hit by Colin White and loses puck.
18:27 of 3rd period - Wrist shot by Mark Recchi.
18:27 of 3rd period - Shot Misses the Net.
Overtime #1
0:01 of 1st overtime period - Mark Recchi wins face-off versus Jason Allison in neutral zone.
0:11 of 1st overtime period - Snap shot by Chris Drury.
0:11 of 1st overtime period - Shot Misses the Net.
0:13 of 1st overtime period - Snap shot by Nathan Dempsey.
0:13 of 1st overtime period - Deflect By Chris Drury.
0:13 of 1st overtime period - Goal by Chris Drury - Wild : 4 - Jets : 3.
Output by the SimonT Hockey Simulator (STHS) for François Prévost -- Original Page W3C XHTML 1.0 Valid